[Event "Team 45 45 League T76"]
[Site "Internet Chess Club"]
[Date "2018.05.13"]
[Round "8"]
[White "smsxman"]
[Black "BrianWood"]
[Result "0-1"]
[WhiteElo "1278"]
[BlackElo "1467"]
[Opening "Pirc: classical (two knights) system"]
[ECO "B06"]
[Time "14:08:48"]
[TimeControl "2700+45"]

1. e4 g6 2. Nc3 Bg7 3. d4 d6 4. Nf3 Nf6 5. Bc4 O-O 6. O-O c6 7. Bb3 Bg4 8. Qd3
Bxf3 9. Qxf3 e5 10. d5 cxd5 11. Bg5 d4 12. Nd5 Nbd7 13. Ba4 h6 14. Bxf6 Nxf6 15.
Bb3 Nd7 16. Qg3 Nc5 17. f3 Nxb3 18. axb3 a6 19. Rfd1 Rc8 20. c3 Kh7 21. c4 f5
22. Rf1 Qg5 23. Qxg5 hxg5 24. g3 g4 25. exf5 gxf5 26. fxg4 fxg4 27. Rxf8 Rxf8
28. Kg2 Rf3 29. Ra3 e4 30. h3 gxh3+ 31. Kxh3 Be5 32. b4 Rxa3 33. bxa3 e3 34. Kg2
Kg6 35. Kf3 Kf7 36. Nf4 Bxf4 37. gxf4 Kf6 38. c5 dxc5 39. bxc5 Kf5 40. a4 a5
{White resigns} 0-1